 Dungeon Crawl Stone Soup version 0.16.1-2-g95b8d4c (webtiles) character file.

31552 herpmino the Severer (level 13, -21/75 HPs)
             Began as a Vine Stalker Chaos Knight on Mar 25, 2015.
             Killed from afar by Maud the storm dragon (shapeshifter) (30 damage)
             ... with a bolt of lightning
             ... on level 8 of the Lair of Beasts.
             The game lasted 01:38:46 (14895 turns).

herpmino the Severer (Vine Stalker Chaos Knight)   Turns: 14895, Time: 01:38:46

Health: -21/75     AC: 21    Str: 21    XL:     13   Next: 58%
Magic:  0/23       EV:  8    Int: 12    God:    Xom [......]
Gold:   2033       SH:  5    Dex: 16    Spells: 3 memorised, 0 levels left

rFire  . . .     SeeInvis .     E - +0 blowgun
rCold  + . .     Clarity  .     M - +0 plate armour
rNeg   . . .     SustAb   .     I - +0 buckler
rPois  .         Gourm    .     O - +0 helmet
rElec  .         Spirit   +     r - +1 cloak {+Inv}
rCorr  .         Warding  .     e - +2 pair of gloves {Str+3}
rMut   .         Rnd*Tele +     F - +0 pair of boots
MR     +....                    (no amulet)
Stlth  ..........               K - ring of flight
                                h - ring of protection from cold

@: about to teleport, somewhat resistant to hostile enchantments, extremely
unstealthy
A: fangs 3, hooves 1, molten scales 1, mutation resistance 1, regeneration 3,
robust 1, teleportitis 2, magic shield, antimagic bite, no device heal 3, rot
immunity, forlorn, placid magic 1
a: Renounce Religion, Evoke Invisibility, Evoke Flight


You were on level 8 of the Lair of Beasts.
You worshipped Xom.
You were a very special plaything of Xom.
You were not hungry.

You visited 3 branches of the dungeon, and saw 22 of its levels.
You also visited: Bailey and Ice Cave.

You collected 2033 gold pieces.

Inventory:

Hand weapons
 E - a +0 blowgun (weapon)
 G - a +2 war axe of flaming
Missiles
 d - 90 stones (quivered)
Armour
 e - a +2 pair of gloves of strength (worn)
 r - a +1 cloak of invisibility (worn)
 F - a +0 pair of boots (worn)
 I - a +0 buckler (worn)
 M - a +0 plate armour (worn)
 O - a +0 helmet (worn)
Jewellery
 h - a ring of protection from cold (left hand)
 k - an uncursed ring of see invisible
 p - an uncursed amulet of clarity
 K - a ring of flight (right hand)
 P - an uncursed amulet of stasis
 Q - a cursed ring of protection from magic
 W - an uncursed ring of positive energy
 Y - an uncursed ring of fire
Magical devices
 w - a wand of digging (9)
 y - a wand of teleportation (4)
 B - a wand of fire (5)
 D - a wand of paralysis (3)
 N - a wand of disintegration (7)
 R - a wand of slowing (30)
Scrolls
 a - 2 scrolls of enchant armour {unknown}
 b - a scroll of random uselessness {unknown}
 f - 4 scrolls of vulnerability {unknown}
 l - 2 scrolls of magic mapping
 o - 2 scrolls of blinking
 u - a scroll of fog
 x - a scroll of immolation {unknown}
 z - a scroll of recharging {unknown}
 H - 5 scrolls of teleportation {unknown}
 J - a scroll of enchant weapon {unknown}
 L - 2 scrolls of noise {unknown}
 U - a scroll of holy word {unknown}
 V - 4 scrolls of remove curse
Potions
 i - 2 potions of resistance
 n - 2 potions of magic
 s - 4 potions of curing
 v - a potion of cancellation
 A - 3 potions of restore abilities
 C - 2 potions of haste
 S - 3 potions of brilliance
 X - a potion of flight
 Z - 2 potions of agility
Miscellaneous
 T - a disc of storms
Comestibles
 c - 18 bread rations
 j - 2 meat rations
 q - 2 beef jerkies
 t - 8 fruits


   Skills:
 - Level 8.3 Fighting
 - Level 16.1 Axes
 + Level 5.0 Armour
 + Level 4.3 Dodging
 - Level 4.7 Shields
 - Level 5.2 Evocations


You couldn't memorise any spells.
You knew the following spells:

 Your Spells              Type           Power        Failure   Level  Hunger
a - Control Teleport      Chrm/Tloc      #.........   100%        4    #####..
b - Flight                Chrm/Air       #.........   100%        3    ####...
c - Silence               Hex/Air        #.........   100%        5    ######.


Dungeon Overview and Level Annotations

Branches:
Dungeon (10/15)            Temple (0/1) D:5            Lair (8/8) D:10
  Swamp (0/5) Lair:3       Spider (0/5) Lair:5        Slime (0/6) Lair:7
    Orc (4/4) D:10            Elf (0/3) Orc:3

Altars:
Gozag
Okawaru
Qazlal
Trog
Xom
Beogh

Shops:
Orc:4 ?

Annotations:
Lair:7 exclusion: 5 oklob plants
Lair:8 Maud


Innate Abilities, Weirdness & Mutations

You have razor-sharp teeth.
You regenerate.
When hurt, damage is shared between your health and your magic reserves.
Your bite disrupts and absorbs the magic of your enemies.
Potions and wands cannot restore your health.
You are immune to rotting.
You have large cloven feet.
You are partially covered in molten scales (AC +1).
You are somewhat resistant to further mutation.
You are robust (+10% HP).
Space sometimes distorts in your vicinity.
You have difficulty communicating with the divine.
Your spells are a little easier to cast, but a little less powerful.


Message History

Put on which piece of jewellery? (? for menu, Esc to quit)
You're already wearing that object!
Remove which piece of jewellery? (? for menu, Esc to quit)
You remove your amulet of stasis.
Maud bites you! Maud claws you but does no damage. Maud barely misses you.
Read which item? (? for menu, Esc to quit)
Okay, then.
Evoke which item? (* to show all) (? for menu, Esc to quit)
Zapping:
y - a wand of teleportation (5)
Press: ? - help, Shift-Dir - straight line, f - you, p - Maud You feel strangely unstable.
This wand has 4 charges left.
Maud breathes lightning at you. The bolt of lightning misses you.
The bolt of lightning hits you!
* * * LOW HITPOINT WARNING * * *
The bolt of lightning hits Maud.
Maud completely resists.
Unknown command.
Maud breathes lightning at you. The bolt of lightning hits you!
You die...
Xom is highly amused!

#.....# ...#.
#..$.## .....
#.#...# P..#
###...## #..#
#.....### #..#
#...P.#.####..#
##...P...#....##
#PP.........D.##
##P....(()....@#
#....P.##...#...#
###..############
####


You could see Maud the storm dragon shaped shifter.

Vanquished Creatures
  A stone giant (Orc:3)
  Snorg (Lair:6)
  2 catoblepae
  A hydra (Lair:2)
  Nergalle (Lair:1)
  A fire crab (Lair:5)
  An ice devil (IceCv)
  A hill giant (D:10)
  2 ice statues (IceCv)
  5 black mambas
  8 komodo dragons
  9 spiny frogs
  A fire drake (Lair:4)
  2 blue devils (IceCv)
  2 trolls
  A polar bear (Lair:4)
  7 blink frogs
  2 basilisks
  A spriggan (D:9)
  9 yaks
  A deep elf mage (D:9)
  A wyvern (Lair:7)
  A hungry ghost (D:6)
  8 hippogriffs
  10 wolves
  6 swamp worms (Lair:3)
  13 water moccasins
  2 wargs
  Edmund (D:4)
  2 small abominations (Lair:7)
  6 porcupines
  13 orc warriors
  8 ice beasts
  A black bear (D:7)
  A phantom (D:7)
  5 ogres
  3 sky beasts
  A necrophage (D:8)
  3 centaurs
  13 crocodiles
  A big kobold (D:10)
  14 giant frogs
  Blork the orc (D:7)
  A scorpion (D:6)
  2 electric eels
  A crimson imp (D:10)
  A centaur zombie (D:7)
  A goliath beetle (D:6)
  2 jellies
  20 orc wizards
  11 hounds
  A quasit (D:8)
  2 centaur skeletons
  23 orc priests
  7 worker ants
  12 iguanas
  15 sheep
  2 mummies (D:10)
  Terence (D:2)
  35 river rats
  A worker ant zombie (D:9)
  15 adders
  A gnoll (Bailey)
  2 worms
  4 white imps (IceCv)
  7 ufetubi (IceCv)
  4 giant geckos
  130 orcs
  A bat zombie (D:7)
  6 giant cockroaches
  17 hobgoblins
  6 jackals
  10 quokkas
  12 bats
  A giant gecko skeleton (D:4)
  A giant newt (D:3)
  16 goblins
  A jackal skeleton (D:7)
  31 kobolds
  A quokka skeleton (D:4)
  7 rats
  2 spectral orcs (Lair:1)
  5 fungi
  2 plants
593 creatures vanquished.

Vanquished Creatures (collateral kills)
  A phantom (D:7)
1 creature vanquished.

Vanquished Creatures (others)
  A river rat (Lair:3)
  3 ufetubi (IceCv)
  3 butterflies (Orc:3)
  A fungus (Lair:4)
8 creatures vanquished.

Grand Total: 602 creatures vanquished

Notes
Turn   | Place    | Note
--------------------------------------------------------------
     0 | D:1      | herpmino, the Vine Stalker Chaos Knight, began the quest for the Orb.
     0 | D:1      | Reached XP level 1. HP: 11/11 MP: 1/1
    97 | D:1      | XOM: divination: detect creatures
    99 | D:1      | Reached skill level 3 in Axes
   233 | D:1      | Reached XP level 2. HP: 5/16 MP: 0/3
   713 | D:2      | XOM: divination: magic mapping
   737 | D:2      | XOM: mild Necr miscast
   799 | D:2      | Noticed Terence
   820 | D:2      | Killed Terence
   820 | D:2      | Reached XP level 3. HP: 19/19 MP: 4/4
   885 | D:2      | Reached skill level 4 in Axes
  1065 | D:3      | XOM: 1-stop teleportation journey
  1162 | D:3      | XOM: mild Divn miscast
  1515 | D:3      | XOM: silly message
  1561 | D:3      | XOM: 6-stop teleportation journey
  1566 | D:3      | XOM is BORED!
  1566 | D:3      | XOM: summons 2 hostile shadow creatures
  1762 | D:3      | XOM: butterfly on damage
  1767 | D:3      | Reached XP level 4. HP: 12/23 MP: 3/5
  2078 | D:4      | Found a stormy altar of Qazlal.
  2096 | D:4      | XOM: vitrification
  2179 | D:4      | XOM: god gift: robe {god gift}
  2249 | D:4      | Noticed Edmund
  2256 | D:4      | XOM: harmless Fire miscast
  2257 | D:4      | XOM: potion effect (brilliance)
  2257 | D:4      | HP: 1/23 [Edmund/flail of holy wrath (8)]
  2269 | D:4      | XOM: silly message
  2284 | D:4      | XOM: harmless Fire miscast
  2312 | D:4      | XOM: mild Tloc miscast
  2319 | D:4      | XOM: mild Fire miscast
  2323 | D:4      | XOM: potion effect (agility)
  2327 | D:4      | XOM: enchant monster (good)
  2330 | D:4      | XOM: silly message
  2340 | D:4      | Killed Edmund
  2340 | D:4      | Reached skill level 5 in Axes
  2340 | D:4      | Reached XP level 5. HP: 10/27 MP: 2/7
  2360 | D:4      | XOM: divination: detect items
  2526 | D:5      | Entered Level 5 of the Dungeon
  2555 | D:5      | Learned a level 4 spell: Control Teleport
  2574 | D:5      | Gained mutation: You heal very quickly. [vine stalker growth]
  2574 | D:5      | Reached XP level 6. HP: 24/32 MP: 8/8
  2681 | D:5      | XOM: smoke on damage
  2694 | D:5      | Reached skill level 6 in Axes
  2965 | D:5      | Noticed an ice beast
  2986 | D:5      | Killed an ice beast
  3005 | D:5      | Found a staircase to the Ecumenical Temple.
  3124 | D:5      | Noticed an ogre
  3149 | D:5      | XOM: butterfly on damage
  3157 | D:5      | Killed an ogre
  3157 | D:5      | Reached skill level 7 in Axes
  3157 | D:5      | Reached XP level 7. HP: 24/35 MP: 5/9
  3220 | D:5      | Noticed an ice beast
  3241 | D:5      | XOM: cast spell 'Confusing Touch'
  3276 | D:5      | XOM: repel stairs
  3289 | D:5      | Killed an ice beast
  3344 | D:5      | XOM: harmless Ice miscast
  3379 | D:5      | XOM: potion effect (agility)
  3510 | D:6      | Found an iron altar of Okawaru.
  3525 | D:6      | Gained mutation: You are robust (+10% HP). [potion of mutation]
  3525 | D:6      | Gained mutation: You have difficulty communicating with the divine. [potion of mutation]
  3525 | D:6      | Gained mutation: You have large cloven feet. [potion of mutation]
  3831 | D:6      | XOM: smoke on damage
  3896 | D:6      | Reached skill level 8 in Axes
  3977 | D:6      | XOM: fog
  4003 | D:7      | Noticed Blork the orc
  4006 | D:7      | XOM: 2-stop teleportation journey
  4023 | D:7      | Reached skill level 1 in Shields
  4030 | D:7      | Gained mutation: You have razor-sharp teeth. [vine stalker growth]
  4030 | D:7      | Reached XP level 8. HP: 36/42 MP: 11/11
  4031 | D:7      | Killed Blork the orc
  4151 | D:7      | Reached skill level 9 in Axes
  4339 | D:7      | XOM: summons 8 friendly demons
  4539 | D:6      | XOM: enchant monster (bad)
  4601 | D:8      | XOM: 1-stop teleportation journey
  4635 | D:8      | XOM: mild Summ miscast
  4695 | D:8      | XOM: mild Air miscast
  5021 | D:8      | Reached XP level 9. HP: 38/47 MP: 12/12
  5127 | D:8      | Reached skill level 10 in Axes
  5250 | D:9      | Noticed a purple ugly thing
  5345 | D:8      | XOM: noise
  5400 | D:9      | Found an opulent altar of Gozag.
  5433 | D:9      | Gained mutation: You are weak. (Str -2) [potion of mutation]
  5433 | D:9      | Lost mutation: You are weak. (Str -2) [potion of mutation]
  5433 | D:9      | Gained mutation: Space occasionally distorts in your vicinity. [potion of mutation]
  5470 | D:9      | Found a bloodstained altar of Trog.
  5502 | D:9      | Noticed a guardian serpent
  5581 | D:9      | XOM: harmless Chrm miscast
  5690 | D:9      | Gained mutation: You are partially covered in molten scales (AC +1). [mutagenic meat]
  5839 | D:10     | XOM: noise
  5839 | D:10     | Entered Level 10 of the Dungeon
  5848 | D:10     | Reached skill level 1 in Evocations
  5853 | D:10     | Found a staircase to the Lair.
  6038 | D:6      | XOM: confusion
  6069 | D:6      | Reached skill level 11 in Axes
  6617 | D:6      | Reached XP level 10. HP: 20/51 MP: 6/17
  6940 | D:10     | XOM: divination: magic mapping
  7035 | D:10     | Found a staircase to the Orcish Mines.
  7271 | D:10     | Noticed a hill giant
  7320 | D:10     | Killed a hill giant
  7320 | D:10     | Reached skill level 12 in Axes
  7499 | Orc:1    | Entered Level 1 of the Orcish Mines
  7640 | Orc:2    | XOM: divination: detect creatures
  7794 | Orc:2    | Found a roughly hewn altar of Beogh.
  7820 | Orc:1    | Reached skill level 5 in Evocations
  7952 | Orc:1    | Found a flagged portal.
  7990 | Bailey   | Entered a bailey
  8113 | Bailey   | Found a burning altar of Makhleb.
  8125 | Bailey   | XOM: confuse monster(s)
  8257 | Orc:2    | You fall through a shaft!
  8375 | Orc:3    | XOM: potion effect (might)
  8376 | Orc:3    | Reached XP level 11. HP: 57/57 MP: 21/21
  8390 | Orc:3    | Reached skill level 13 in Axes
  8430 | Orc:3    | Noticed a stone giant
  8433 | Orc:3    | XOM: cast spell 'Metabolic Englaciation'
  8450 | Orc:3    | XOM: noise
  8509 | Orc:3    | XOM: harmless Trmt miscast
  8547 | Orc:3    | Killed a stone giant
  8560 | Orc:3    | XOM: mild Conj miscast
  8641 | Orc:3    | Found a staircase to the Elven Halls.
  8790 | Orc:3    | Found a roughly hewn altar of Beogh.
  8795 | Orc:3    | Noticed a deep troll
  8795 | Orc:3    | Noticed a deep troll
  8795 | Orc:3    | Noticed an orc warlord
  8795 | Orc:3    | XOM: butterfly on damage
  9026 | Orc:4    | Entered Level 4 of the Orcish Mines
  9052 | Orc:4    | Found a frozen archway.
  9097 | IceCv    | Entered an ice cave
  9129 | IceCv    | Noticed an ice statue
  9129 | IceCv    | Noticed an ice statue
  9219 | IceCv    | Killed an ice statue
  9230 | IceCv    | Killed an ice statue
  9306 | IceCv    | Noticed an ice devil
  9321 | IceCv    | Reached skill level 5 in Fighting
  9334 | IceCv    | Killed an ice devil
  9349 | IceCv    | Noticed an ice devil
  9381 | IceCv    | HP: 1/61 [ice devil (7)]
  9451 | Orc:4    | XOM is BORED!
  9451 | Orc:4    | XOM: noise
  9671 | Orc:4    | Found a roughly hewn altar of Beogh.
  9679 | Orc:4    | Found Uninnoin's Magic Scroll Shoppe.
  9736 | Orc:3    | XOM: silly message
  9736 | Orc:3    | XOM: smoke on damage
  9761 | Orc:3    | XOM: harmless Air miscast
  9796 | Orc:3    | XOM: cast spell 'Stoneskin'
  9866 | Orc:1    | XOM: harmless Summ miscast
 10084 | Lair:1   | Entered Level 1 of the Lair of Beasts
 10102 | Lair:1   | Reached skill level 14 in Axes
 10184 | Lair:1   | XOM: smoke on damage
 10220 | Lair:1   | XOM: cast spell 'Confusing Touch'
 10398 | Lair:1   | Noticed Nergalle
 10415 | Lair:2   | Noticed a six-headed hydra
 10435 | Lair:2   | XOM: potion effect (invisibility)
 10447 | Lair:2   | XOM: potion effect (haste)
 10452 | Lair:2   | Killed a two-headed hydra
 10452 | Lair:2   | Gained mutation: You regenerate. [vine stalker growth]
 10452 | Lair:2   | Reached XP level 12. HP: 46/67 MP: 22/22
 10487 | Lair:2   | Gained mutation: You are dopey. (Int -2) [mutagenic glow]
 10509 | Lair:2   | Gained mutation: Your spells are a little easier to cast, but a little less powerful. [mutagenic glow]
 10558 | Lair:2   | Gained mutation: Scrolls take you a little longer to read. [mutagenic glow]
 10624 | Lair:2   | XOM: potion effect (brilliance)
 10792 | Lair:2   | XOM: harmless Necr miscast
 10992 | Lair:2   | Reached skill level 15 in Axes
 11116 | Lair:1   | XOM: summons friendly crimson imp
 11259 | Lair:1   | Killed Nergalle
 11515 | Lair:3   | Noticed a catoblepas
 11516 | Lair:3   | XOM: cast spell 'Olgreb's Toxic Radiance'
 11533 | Lair:3   | Killed a catoblepas
 11636 | Lair:3   | XOM: confuse monster(s)
 11742 | Lair:3   | XOM: potion effect (brilliance)
 11750 | Lair:3   | XOM: potion effect (agility)
 11755 | Lair:3   | XOM: harmless Conj miscast
 11915 | Lair:3   | XOM: harmless Necr miscast
 12054 | Lair:3   | XOM: mild Divn miscast
 12154 | Lair:3   | Found a staircase to the Swamp.
 12331 | Lair:4   | Reached XP level 13. HP: 44/75 MP: 20/23
 12434 | Lair:4   | Reached skill level 16 in Axes
 12574 | Lair:4   | Gained mutation: Space sometimes distorts in your vicinity. [potion of mutation]
 12574 | Lair:4   | Lost mutation: You are dopey. (Int -2) [potion of mutation]
 13010 | Lair:5   | Reached skill level 1 in Dodging
 13010 | Lair:5   | XOM: potion effect (invisibility)
 13098 | Lair:5   | Found a hole to the Spider Nest.
 13221 | Lair:5   | XOM: potion effect (magic)
 13316 | Lair:5   | XOM is BORED!
 13316 | Lair:5   | XOM: harmless Pois miscast
 13358 | Lair:5   | Got a jewelled chain mail
 13361 | Lair:5   | Identified the +0 chain mail of Charity {Contam rC++ Str-2 Dex+6} (You found it on level 5 of the Lair of Beasts)
 13460 | Lair:6   | XOM: noise
 13659 | Lair:6   | Noticed Snorg
 13674 | Lair:6   | Killed Snorg
 13715 | Lair:6   | Gained mutation: You are somewhat resistant to further mutation. [potion of mutation]
 13715 | Lair:6   | Lost mutation: Scrolls take you a little longer to read. [potion of mutation]
 13922 | Lair:6   | XOM: noise
 13981 | Lair:6   | XOM: confusion (+ monsters)
 14043 | Lair:6   | Learned a level 3 spell: Flight
 14049 | Lair:6   | Learned a level 5 spell: Silence
 14356 | Lair:7   | XOM: medium Summ miscast
 14383 | Lair:7   | XOM: divination: detect items
 14481 | Lair:7   | XOM: swap monsters
 14628 | Lair:7   | Reached skill level 5 in Armour
 14680 | Lair:7   | XOM: scenery: create altars
 14690 | Lair:7   | XOM: cast spell 'Flight'
 14791 | Lair:7   | Found a staircase to the Slime Pits.
 14829 | Lair:8   | Entered Level 8 of the Lair of Beasts
 14829 | Lair:8   | Noticed Maud
 14890 | Lair:8   | Noticed Maud
 14890 | Lair:8   | Maud changed into Maud the storm dragon
 14890 | Lair:8   | XOM: polymorph Maud -> Maud the storm dragon
 14895 | Lair:8   | Killed from afar by Maud the storm dragon (shapeshifter)

Action                   |  1- 3 |  4- 6 |  7- 9 | 10-12 | 13-15 || total
-------------------------+-------+-------+-------+-------+-------++-------
Melee: Hand axe          |   136 |   162 |   270 |       |       ||   568
       War axe           |       |       |   130 |   896 |   260 ||  1286
 Fire: Blowgun           |       |     4 |    15 |    51 |    26 ||    96
Throw: Tomahawk          |       |       |       |     7 |       ||     7
       Stone             |       |       |       |     2 |       ||     2
Evoke: Wand              |       |       |       |       |     2 ||     2
  Use: Scroll            |     6 |     4 |     3 |    12 |     6 ||    31
       Potion            |       |     1 |     4 |     1 |     3 ||     9
 Stab: Confused          |       |       |       |     2 |     1 ||     3
       Invisible         |       |       |       |     8 |     8 ||    16
       Distracted        |       |       |       |     1 |       ||     1
  Eat: Chunk             |     3 |    13 |     6 |    21 |     8 ||    51
       Pizza             |       |       |       |       |     1 ||     1
